 Dungeon Crawl Stone Soup version 0.28-a0-1152-g9c71ebef14 (webtiles) character file.

Game seed: 16469911561222062088

35 ytrimaz the Insei (level 3, -7/23 HPs)
             Began as an Octopode Transmuter on Dec 14, 2021.
             Mangled by an ice beast (8 damage)
             ... on level 3 of the Dungeon.
             The game lasted 00:01:12 (1806 turns).

ytrimaz the Insei (Octopode Transmuter)             Turns: 1806, Time: 00:01:12

Health: -7/23      AC:  1    Str:  9    XL:     3   Next: 35%
Magic:  5/6        EV: 13    Int: 17    God:
Gold:   63         SH:  0    Dex: 12    Spells: 0/6 levels left

rFire   . . .      SeeInvis .     - Unarmed
rCold   . . .      Faith    .   (no shield)
rNeg    . . .      Spirit   .   (helmet currently unavailable)
rPois   .          Reflect  .   (no amulet)
rElec   .          Harm     .   (no ring)
rCorr   .          Rampage  .   (no ring)
Will    .....                   (no ring)
Stlth   ++........              (no ring)
HPRegen 0.07/turn               (no ring)
MPRegen 0.10/turn               (no ring)
                                (no ring)
                                (no ring)

@: appendages (expiring), attractive
A: tentacle spike 3, almost no armour, amphibious, 8 rings, camouflage 1,
gelatinous body 1, (nimble swimmer 1), tentacles
a: End Transformation


You were on level 3 of the Dungeon.
One of your tentacles had grown a beastly spike.
You visited 1 branch of the dungeon, and saw 3 of its levels.

You collected 63 gold pieces.

Inventory:

Wands
 d - a wand of paralysis (8)
Scrolls
 e - a scroll of teleportation {unknown}
Potions
 b - a potion of cancellation {unknown}
 c - a potion of curing {unknown}


   Skills:
 * Level 1.5 Fighting
 * Level 2.2 Dodging
 + Level 3.4 Unarmed Combat
 * Level 2.4 Spellcasting
 * Level 2.3 Transmutations


You couldn't memorise any spells.
You knew the following spells:

 Your Spells              Type           Power      Damage    Failure   Level
a - Beastly Appendage     Tmut           18%        N/A       8%          1
b - Wereblood             Tmut           9%         N/A       11%         2
c - Spider Form           Tmut/Pois      5%         N/A       34%         3

Your spell library contained the following spells:

 Spells                   Type           Power      Damage    Failure   Level
 Freeze                   Ice            8%         1d3       19%         1
 Frozen Ramparts          Ice            4%         1d2       50%         3
 Ozocubu's Armour         Ice            2%         N/A       50%         3
 Ice Form                 Ice/Tmut       5%         N/A       75%         4
 Hailstorm                Conj/Ice       2%         3d3       88%         4
 Metabolic Englaciation   Hex/Ice        1%         N/A       99%         5
 Simulacrum               Ice/Necr       1%         N/A       100%        6


Dungeon Overview and Level Annotations

Branches:
Dungeon (3/15)

Altars:


Innate Abilities, Weirdness & Mutations

One of your tentacles has grown a beastly spike.
You cannot wear most types of armour.
You are amphibious.
You can wear up to eight rings at the same time.
Your skin changes colour to match your surroundings (Stealth+).
Your rubbery body absorbs attacks. (AC +1, EV +1)
((You are camouflaged near water. (Stealth+)))
You have tentacles for arms and can constrict up to eight enemies at once.


Message History

You are too injured to fight recklessly!
A ball python is nearby!
A ball python is nearby!
You are too injured to fight recklessly!
Unknown command.
You tentacle-slap the ball python.
You kill the ball python!
Your transformation is almost over.
Your tentacle spike disappears.
Found 17 stones.
You see here 17 stones.
Done exploring.
Done exploring.
Done exploring.
No target in view!
One of your tentacles grows a vicious spike.
No target in view!
Your transformation is almost over.
Your tentacle spike disappears.
There is a stone staircase leading down here.
You climb downwards.
There is a stone staircase leading up here.
e - a scroll labelled VIROPR YRIC An ice beast comes into view.
An ice beast is nearby!
One of your tentacles grows a vicious spike.
You tentacle-slap the ice beast but do no damage.
Your transformation is almost over.
The ice beast hits you. The ice beast freezes you!
You closely miss the ice beast. The ice beast hits you.
The ice beast freezes you.
* * * LOW HITPOINT WARNING * * *
Unknown command.
Okay, then.
It was a potion of attraction.
You feel attractive to monsters. The ice beast hits you.
* * * LOW HITPOINT WARNING * * *
The ice beast freezes you!
You die...

#### ...
#Y#######
#.@.....#
###########.#
#...........#
#.######..#######
#..#.....#
#..#.###.# #....#
#.# #...## #.#
#...# #.#


You could see an ice beast.

Vanquished Creatures
  A worm (D:2)
  2 dart slugs (D:1)
  2 bats
  2 giant cockroaches
  3 goblins
  2 hobgoblins
  4 jackals (D:1)
  2 kobolds
  3 ball pythons
  4 rats
25 creatures vanquished.

Notes
Turn   | Place    | Note
-------+----------+-------------------------------------------
     0 | D:1      | ytrimaz the Octopode Transmuter began the quest for the
                  | Orb.
     0 | D:1      | Reached XP level 1. HP: 13/13 MP: 3/3
   229 | D:1      | Reached XP level 2. HP: 18/18 MP: 5/5
   274 | D:1      | Learned a level 2 spell: Wereblood
   994 | D:2      | Reached XP level 3. HP: 21/23 MP: 6/6
   998 | D:2      | Learned a level 3 spell: Spider Form
  1802 | D:3      | Noticed an ice beast
  1806 | D:3      | HP: 1/23 [ice beast (3)]
  1806 | D:3      | Mangled by an ice beast

Illustrated notes

Levels and vault maps discovered:
D:1:      amcnicky_arrival_underground_garden, layout_basic
D:2:      layout_rooms, roderic_roman_lattice, nrook_loot_triangle
D:3:      layout_basic, dreamdust_ecumenical_altar_grove, serial_shops,
          nicolae_lakefront_shop

Action                   || total
-------------------------++-------
Melee: Unarmed           ||    62
       Constrict         ||    21
       Tentacles         ||    10
       Kick              ||    10
       Punch             ||     2
 Cast: Beastly Appendage ||    17
  Use: Scroll            ||     1
       Potion            ||     1
 Stab: Sleeping          ||     3
Armor: Skin              ||     4
Dodge: Dodged            ||    33

Table legend: (Time is in decaauts)
 A = Elapsed time spent in this place.
 B = Non-inter-level travel time spent in this place.
 C = Inter-level travel time spent in this place.
 D = Time resting spent in this place.
 E = Time spent auto-exploring this place.
 F = Levels seen in this place.
 G = Mean time per level.
                   A        B        C        D        E       F      G
               +--------+--------+--------+--------+--------+-----+--------+
         Total |   1801 |   1782 |     19 |      0 |   1585 |   3 |  600.3 |
       Dungeon |   1801 |   1782 |     19 |      0 |   1585 |   3 |  600.3 |
               +--------+--------+--------+--------+--------+-----+--------+

Top non-repeatable levels by time:
     D:1: 934 daAuts
     D:2: 824 daAuts
     D:3: 42 daAuts
